 Dungeon Crawl Stone Soup version 0.32-a0-485-g70f7560b1c (webtiles) character file.

Game seed: 7731235738110895250

337 ytrimaz the Trooper (level 6, 0/50 HPs)
             Began as a Coglin Fighter on Feb 27, 2024.
             Slain by an orc
             ... wielding a +0 flail
              (3 damage)
             ... on level 3 of the Dungeon.
             The game lasted 00:03:50 (2436 turns).

ytrimaz the Trooper (Coglin Fighter)                Turns: 2436, Time: 00:03:51

Health: 0/50       AC:  8    Str: 18 (19) XL:     6   Next: 54%
Magic:  6/6        EV:  9    Int:  4 (7)  God:
Gold:   106        SH:  0    Dex: 11 (13) Spells: 5/5 levels left

rFire   . . .        a - +0 war axe {Elena}
rCold   . . .        m - +0 whip (freeze) {Miranda}
rNeg    . . .        b - +0 scale mail
rPois   .            (no helmet)
rElec   .            l - +0 cloak
rCorr   .            (no gloves)
SInv    .            (no boots)
Will    +....        (no amulet) Stlth
                     (ring unavailable)
HPRegen 0.28/turn    (ring unavailable)
MPRegen 0.10/turn

%: no passive effects
@: enlightened, flying, revving
A: off-hand wielding, slow wielding, warmup strikes, no rings
a: no special abilities


You were on level 3 of the Dungeon.
You visited 1 branch of the dungeon, and saw 3 of its levels.

You collected 106 gold pieces.


Innate Abilities, Weirdness & Mutations

You can wield a second weapon in your off-hand.
It takes a long time for you to wield or remove held weapons.
Your first few attacks do less damage.
Your grasper-arms cannot wear rings.


   Skills:
 + Level 4.8 Fighting
 + Level 4.1 Axes
 + Level 4.3 Armour
 - Level 2.1 Shields


You had 5 spell levels left.
You didn't know any spells.
Your spell library contained the following spells:

 Spells                   Type           Power      Damage    Failure   Level
 Blink                    Tloc           0%         N/A       95%         2
 Lesser Beckoning         Tloc           0%         N/A       95%         2
 Momentum Strike          Conj/Tloc      0%         3d8       95%         2
 Hailstorm                Conj/Ice       0%         3d5       99%         3
 Summon Ice Beast         Ice/Summ       0%         N/A       99%         3
 Tukima's Dance           Hex            0%         N/A       99%         3
 Passage of Golubria      Tloc           0%         N/A       100%        4
 Yara's Violent Unravell  Hex/Alch       0%         3d3       100%        5
 Sculpt Simulacrum        Ice/Alch       0%         N/A       100%        6
 Ozocubu's Refrigeration  Ice            0%         4d7       100%        7
 Polar Vortex             Ice            0%         N/A       100%        9

Inventory:

Hand Weapons
 a - a +0 war axe (weapon) {Elena}
 m - a +0 whip of freezing (offhand) {Miranda}
   (You took it off a kobold on level 2 of the Dungeon)
Missiles
 n - a throwing net (quivered)
Armour
 b - a +0 scale mail (worn)
 c - a +0 buckler
 l - a +0 cloak (worn)
   (You found it on level 3 of the Dungeon)
Wands
 p - a wand of charming (9)
   (You took it off Ijyb on level 3 of the Dungeon)
Scrolls
 d - a scroll of enchant armour
 j - a scroll of enchant weapon
 o - 2 scrolls of identify
Potions
 e - a potion of heal wounds {unknown}
 g - a potion of degeneration
 h - 2 potions of lignification {unknown}
 i - a potion of resistance {unknown}
 k - 2 potions of mutation {unknown}

Dungeon Overview and Level Annotations

Branches:
Dungeon (3/15) Zot: 15502

Altars:
Cheibriados

##.... ############..#.
#.........##..##
#########.#.##.##.##..##
....<.......##........†.
.~.~.~.~.~.~......##.>##
⌠...⌠...⌠...⌠..##.##....
.~.~.~o~.~.~)~.##....###
..⌠...o@o.⌠....##.##.#
.~.~.~.~.~.~.~.##.##.#
⌠:..⌠...⌠...⌠........###
.~.~.~.~.~.~.~###.##..(.
..⌠...⌠...⌠...# #.......
.~.~.~.~.~.~.~###.##....
⌠...⌠...⌠...⌠.#...#..###
.~.~.~.~.~.~.~..###.##
...⌠...⌠...### #.#


You could see 3 orcs.


Message History

The orc hits you with a +0 whip. 😕 HP[-1]
You take 1 damage, and now have 47/49 hp.
You slash the orc with your +0 war axe!
You kill the orc!
You barely miss the orc with your +0 war axe.
You hit the orc priest with your +0 war axe.
The orc priest barely misses you.
The orc hits you but does no damage. 😕 HP[+1] Unknown command.
You barely miss the orc with your +0 war axe.
You closely miss the orc with your +0 war axe.
You closely miss the orc priest with your +0 war axe.
You hit the orc but do no damage. The orc priest completely misses you.
The orc hits you with a +0 flail. The orc completely misses you.
The orc priest hits you with a +0 dagger.
You barely miss the orc priest with your +0 war axe.
You barely miss the orc with your +0 war axe.
You closely miss the orc with your +0 war axe.
You closely miss the orc priest with your +0 whip of freezing.
The orc hits you with a +0 flail. x2
The orc priest miscasts a cantrip.
The orc priest shouts, "Surrender to Beogh and we'll let you live!" (press Y on the ability menu to convert to Beogh) 😮 HP[-15]
You take 15 damage, and now have 33/49 hp.
MASSIVE DAMAGE!! (PAUSE)
Your unstable footing causes you to fumble your attack.
You hit the orc priest but do no damage.
You hit the orc with your +0 war axe.
You closely miss the orc with your +0 war axe.
You hit the orc but do no damage. The orc barely misses you.
The orc closely misses you. x2
The orc priest hits you but does no damage.
You are too injured to fight recklessly! 😮 HP[+1]
You closely miss the orc priest with your +0 war axe.
You hit the orc with your +0 war axe. x2
You closely miss the orc with your +0 war axe.
You closely miss the orc priest with your +0 whip of freezing.
The orc hits you but does no damage. The orc closely misses you.
The orc hits you but does no damage.
The orc priest invokes the aid of Beogh against you.
Beogh smites you!
* * * LOW HITPOINT WARNING * * *
The orc closely misses you. 😨 HP[-14]
You take 14 damage, and now have 20/49 hp.
MASSIVE DAMAGE!! (PAUSE)
Your unstable footing causes you to fumble your attack.
You hit the orc priest with your +0 whip of freezing.
You freeze the orc priest. The orc hits you with a +0 flail.
* * * LOW HITPOINT WARNING * * *
The orc hits you but does no damage.
The orc priest invokes the aid of Beogh against you.
You barely resist. The orc barely misses you. 😨 HP[-6]
You take 6 damage, and now have 14/49 hp.
Your unstable footing causes you to fumble your attack.
You hit the orc priest with your +0 whip of freezing.
You freeze the orc priest.
You kill the orc priest!
The orc closely misses you. The orc hits you but does no damage.
The orc hits you with a +0 flail.
* * * LOW HITPOINT WARNING * * *
The orc barely misses you. The orc hits you but does no damage.
Unknown command. 😱 HP[-3]
You now have 50 max hp (+1).
You take 3 damage, and now have 11/50 hp.
Unknown command.
Unknown command.
Your unstable footing causes you to fumble your attack.
You hit the orc with your +0 war axe.
You barely miss the orc with your +0 war axe.
You hit the orc with your +0 war axe. The orc barely misses you.
The orc hits you but does no damage. The orc hits you with a +0 flail.
* * * LOW HITPOINT WARNING * * *
😱 HP[-1]
You take 1 damage, and now have 10/50 hp.
Unknown command.
The orc hits you with a +0 flail.
* * * LOW HITPOINT WARNING * * *
The orc barely misses you. The orc hits you with a +0 flail.
* * * LOW HITPOINT WARNING * * *
The orc hits you with a +0 flail.
* * * LOW HITPOINT WARNING * * *
You see here a +0 dagger. 😱 HP[-8]
You take 8 damage, and now have 2/50 hp.
Unknown command.
You feel very buoyant.
You fly up into the air.
The orc barely misses you.
The orc hits you but does no damage. x2 😱 HP[+1] It was a potion of degeneration.
There was something very wrong with that liquid.
You feel weakened.
You feel dopey.
You feel clumsy. The orc hits you with a +0 flail.
You die...

Skill      XL: |  1  2  3  4  5  6 |
---------------+-------------------+-----
Armour         | 3 4 |  4.3
Axes           | 3 4 |  4.1
Fighting       | 4 |  4.8
Shields        | |  2.1

Action                     |  1- 3 |  4- 6 || total
---------------------------+-------+-------++-------
  Melee: War axe           |    79 |    74 ||   153
         Whip              |       |    67 ||    67
    Use: Scroll            |     1 |     3 ||     4
         Potion            |     1 |     3 ||     4
 Armour: Scale mail        |    52 |    82 ||   134
  Dodge: Dodged            |    32 |    45 ||    77
  Block: Buckler           |     5 |       ||     5

Levels and vault maps discovered:
D:1:      sevenhm_arrival_forest_fort_small_4, layout_loops_ring, serial_glass,
          glass_columns_b, glass_columns_a, glass_columns_a, glass_columns_a,
          glass_columns_a, glass_columns_a,
          dreamdust_ecumenical_altar_angels_and_demons, minivault_4,
          minmay_rat_gold_closets
D:2:      kennysheep_big_flooded_room, layout_basic, basic_altar, uniq_terence
D:3:      layout_loops_cross, nemelex_spade_bored_becter,
          nicolae_overflow_crystal_walls, kennysheep_crisscross, uniq_sigmund,
          uniq_ijyb

Notes
Turn   | Place    | Note
-------+----------+-------------------------------------------
     0 | D:1      | ytrimaz the Coglin Fighter began the quest for the Orb.
     0 | D:1      | Reached XP level 1. HP: 18/18 MP: 1/1
     0 | D:1      | magus.rc [v1.9.6]
   162 | D:1      | Reached XP level 2. HP: 24/24 MP: 2/2
   296 | D:1      | Reached skill level 3 in Armour
   345 | D:1      | Found a faded altar of an unknown god.
   476 | D:1      | You add the spells Tukima's Dance, Passage of Golubria and
                  | Yara's Violent Unravelling to your library.
   497 | D:1      | Reached XP level 3. HP: 29/29 MP: 3/3
   941 | D:2      | You pick up a book of Ice and begin reading...
   941 | D:2      | You add the spells Sculpt Simulacrum, Ozocubu's
                  | Refrigeration and Polar Vortex to your library.
   946 | D:2      | You pick up a book of Spatial Translocations and begin
                  | reading...
   946 | D:2      | You add the spells Blink, Momentum Strike and Lesser
                  | Beckoning to your library.
  1008 | D:2      | Noticed Terence
  1018 | D:2      | Killed Terence
  1019 | D:2      | Reached XP level 4. HP: 10/37 MP: 4/4
  1253 | D:2      | Found a snail-covered altar of Cheibriados.
  1985 | D:3      | Reached skill level 3 in Axes
  2120 | D:3      | Reached skill level 4 in Fighting
  2266 | D:3      | Noticed Sigmund
  2274 | D:3      | Killed Sigmund
  2275 | D:3      | Reached skill level 4 in Armour
  2275 | D:3      | Reached XP level 5. HP: 30/43 MP: 5/5
  2275 | D:3      | Reached XP level 6. HP: 35/49 MP: 6/6
  2328 | D:3      | Noticed Ijyb
  2374 | D:3      | Killed Ijyb
  2375 | D:3      | Reached skill level 4 in Axes
  2399 | D:3      | You pick up a book of the Tundra and begin reading...
  2399 | D:3      | You add the spells Hailstorm and Summon Ice Beast to your
                  | library.
  2432 | D:3      | HP: 11/49 [orc/+0 flail (4)]
  2434 | D:3      | HP: 4/50 [orc/+0 flail (5)]
  2436 | D:3      | Slain by an orc

Vanquished Creatures
  Sigmund (D:3)
  An orc priest (D:3)
  Ijyb (D:3)
  Terence (D:2)
  3 gnolls (D:3)
  An adder (D:3)
  A dart slug (D:1)
  A ribbon worm (D:3)
  An orc (D:3)
  A ball python (D:2)
  3 bats
  4 endoplasms
  A giant cockroach (D:1)
  3 goblins
  10 hobgoblins
  A quokka (D:2)
  2 frilled lizards
  4 kobolds
  17 rats
57 creatures vanquished.

Table legend:
 A = Non-vault XP
 B = Vault XP
 C = Vault XP percentage of total XP
 D = Non-vault monster count
 E = Vault monster count
 F = Vault count percentage of total count
                 A         B        C        D         E       F
            +---------+---------+-------+---------+---------+-------
      Total |     166 |     316 |  65.6 |      46 |      11 |  19.3
            +---------+---------+-------+---------+---------+-------
        D:1 |      37 |       6 |  14.0 |      21 |       6 |  22.2
        D:2 |      14 |      35 |  71.4 |       9 |       3 |  25.0
        D:3 |     115 |     275 |  70.5 |      16 |       2 |  11.1
            +---------+---------+-------+---------+---------+-------

Skill      XL: |  1  2  3  4  5  6 |
---------------+-------------------+-----
Armour         | 3 4 |  4.3
Axes           | 3 4 |  4.1
Fighting       | 4 |  4.8
Shields        | |  2.1

Action                     |  1- 3 |  4- 6 || total
---------------------------+-------+-------++-------
  Melee: War axe           |    79 |    74 ||   153
         Whip              |       |    67 ||    67
    Use: Scroll            |     1 |     3 ||     4
         Potion            |     1 |     3 ||     4
 Armour: Scale mail        |    52 |    82 ||   134
  Dodge: Dodged            |    32 |    45 ||    77
  Block: Buckler           |     5 |       ||     5

Illustrated notes

Table legend:
 A = Kills in this place as a percentage of kills in the entire game.
 B = Kills by you in this place as a percentage of kills by you in the entire game.
 C = Kills by friends in this place as a percentage of kills by friends in the entire game.
 D = Other kills in this place as a percentage of other kills in the entire game.
 E = Experience gained in this place as a percentage of experience gained in the entire game.
 F = Experience gained in this place divided by the number of levels of this place that you have seen.
                   A       B       C       D       E      F
               +-------+-------+-------+-------+-------+----------------------
         Total | 100.0 | 100.0 |   N/A |   N/A | 100.0 | 160.7
       Dungeon | 100.0 | 100.0 |   N/A |   N/A | 100.0 | 160.7
               +-------+-------+-------+-------+-------+----------------------

Table legend: (Time is in decaauts)
 A = Elapsed time spent in this place.
 B = Non-inter-level travel time spent in this place.
 C = Inter-level travel time spent in this place.
 D = Time resting spent in this place.
 E = Time spent auto-exploring this place.
 F = Levels seen in this place.
 G = Mean time per level.
                   A        B        C        D        E       F      G
               +--------+--------+--------+--------+--------+-----+--------+
         Total |   2496 |   2461 |     35 |      0 |   1979 |   3 |  832.0 |
       Dungeon |   2496 |   2461 |     35 |      0 |   1979 |   3 |  832.0 |
               +--------+--------+--------+--------+--------+-----+--------+

Top non-repeatable levels by time:
     D:2: 1072 daAuts
     D:1: 894 daAuts
     D:3: 529 daAuts
